 Dungeon Crawl Stone Soup version 0.26-a0-689-gc93c913f66 (webtiles) character file.

Game seed: 3712993609156322402

114 Ijustatesigmund the Ducker (level 4, -8/32 HPs)
             Began as an Octopode Fighter on Oct 23, 2020.
             Mangled by a gnoll
             ... wielding a +0 spear
              (9 damage)
             ... on level 2 of the Dungeon.
             The game lasted 00:02:06 (1407 turns).

Ijustatesigmund the Ducker (Octopode Fighter)       Turns: 1407, Time: 00:02:06

Health: -8/32      AC:  1    Str: 15    XL:     4   Next: 97%
Magic:  4/4        EV: 12    Int: 10    God:
Gold:   74         SH:  9    Dex: 12    Spells: 3/3 levels left

rFire    . . .     SeeInvis .   a - +1 war axe
rCold    + . .     Faith    .   b - +0 kite shield
rNeg     . . .     Spirit   .   (helmet restricted)
rPois    .         Reflect  .   (no amulet)
rElec    .         Harm     .   d - ring of protection from cold
rCorr    .         Rampage  .   (no ring)
MR       .....                  (no ring)
Stlth    ++........             (no ring)
HPRegen  0.10/turn              (no ring)
MPRegen  0.09/turn              (no ring)
                                (no ring)
                                (no ring)

@: mighty
A: almost no armour, stealthy swim, amphibious, 8 rings, constrict 8, camouflage
1, gelatinous body 1
a: no special abilities


You were on level 2 of the Dungeon.
You visited 1 branch of the dungeon, and saw 2 of its levels.

You collected 74 gold pieces.

Inventory:

Hand Weapons
 a - a +1 war axe (weapon)
Armour
 b - a +0 kite shield (worn)
Jewellery
 d - a ring of protection from cold (left tentacle)
 f - an uncursed ring of stealth {unknown}
Scrolls
 e - a scroll of identify
Potions
 j - a potion of resistance


   Skills:
 + Level 3.6 Fighting
 * Level 3.4 Axes
 + Level 3.6 Dodging
 + Level 3.6 Shields


You had 3 spell levels left.
You didn't know any spells.
Your spell library was empty.

Dungeon Overview and Level Annotations

Branches:
Dungeon (2/15)

Altars:


Innate Abilities, Weirdness & Mutations

You cannot wear most types of armour.
You are very stealthy in the water. (Stealth+)
You are amphibious.
You can wear up to eight rings at the same time.
You can use your tentacles to constrict eight enemies at once.
Your skin changes colour to match your surroundings (Stealth+).
Your rubbery body absorbs attacks. (AC +1, EV +1)


Message History

You closely miss the gnoll. You constrict the gnoll.
You block the gnoll's attack. The gnoll hits you with a +0 whip.
The gnoll barely misses you.
The gnoll hits you from afar with a +0 spear.
* * * LOW HITPOINT WARNING * * *
You release your grip on the gnoll.
You see here a robe.
Okay, then.
Okay, then.
You feel very mighty all of a sudden. The gnoll hits you with a +0 flail!
* * * LOW HITPOINT WARNING * * *
You hit the gnoll. You grab the gnoll.
The gnoll is almost dead.
You constrict the gnoll.
You kill the gnoll!
You closely miss the gnoll. You grab the gnoll. You squeeze the gnoll!
You kill the gnoll!
The gnoll hits you from afar with a +0 spear!
You die...

##...#.###.#####
#######.###..##.## #..
#<......# #....#####.#
#.#####.###..##...#..#
#......#.......#
###.#.##.........#
#......<.........#
#.#.#.............
#@#.####.#......##
#)#.# #.#....#.#
#.###g#.####.#..###.#
#............#..# #.#
#####[#.######..# #.#
#....# #..# #.# #>...#
#..# #.. #....# #..#
##)#.# #..#


You could see a gnoll.

Vanquished Creatures
  A hound (D:2)
  3 gnolls (D:2)
  2 adders (D:2)
  2 dart slugs
  2 leopard geckos
  5 giant cockroaches
  3 goblins
  3 hobgoblins
  A jackal (D:1)
  5 kobolds
  A ball python (D:2)
  3 bats
  3 rats
34 creatures vanquished.

Notes
Turn   | Place    | Note
-------+----------+-------------------------------------------
     0 | D:1      | Ijustatesigmund the Octopode Fighter began the quest for
                  | the Orb.
     0 | D:1      | Reached XP level 1. HP: 16/16 MP: 1/1
   193 | D:1      | Reached XP level 2. HP: 15/21 MP: 2/2
   878 | D:2      | Reached XP level 3. HP: 26/26 MP: 3/3
  1012 | D:2      | Reached XP level 4. HP: 21/31 MP: 4/4
  1405 | D:2      | HP: 1/31 [gnoll/+0 flail (8)]
  1407 | D:2      | Mangled by a gnoll

Illustrated notes

Levels and vault maps discovered:
D:1:      dpeg_arrival_brainrot, layout_loops_ring
D:2:      layout_loops_ring, lemuel_coloured_pillars_altar, uniq_natasha

Skill      XL: |  1  2  3 |
---------------+----------+-----
Axes           | 3 |  3.4
Fighting       | |  3.6
Dodging        | |  3.6
Shields        | |  3.6

Action                   |  1- 3 |  4- 6 || total
-------------------------+-------+-------++-------
Melee: War axe           |    39 |    20 ||    59
       Constrict         |    13 |     7 ||    20
       Tentacles         |     8 |     2 ||    10
  Use: Scroll            |     4 |       ||     4
       Potion            |       |     1 ||     1
 Stab: Sleeping          |     4 |     2 ||     6
Armor: Skin              |     3 |     2 ||     5
Dodge: Dodged            |    17 |     7 ||    24
Block: Kite shield       |    16 |     9 ||    25

Table legend: (Time is in decaauts)
 A = Elapsed time spent in this place.
 B = Non-inter-level travel time spent in this place.
 C = Inter-level travel time spent in this place.
 D = Time resting spent in this place.
 E = Time spent auto-exploring this place.
 F = Levels seen in this place.
 G = Mean time per level.
                   A        B        C        D        E       F      G
               +--------+--------+--------+--------+--------+-----+--------+
         Total |   1434 |   1414 |     20 |    142 |   1046 |   2 |  717.0 |
       Dungeon |   1434 |   1414 |     20 |    142 |   1046 |   2 |  717.0 |
               +--------+--------+--------+--------+--------+-----+--------+

Top non-repeatable levels by time:
     D:1: 837 daAuts
     D:2: 596 daAuts
